 Dungeon Crawl Stone Soup version 0.22-a0-136-g83a10e5 (webtiles) character file.

786 sankara the Changer (level 7, 0/56 HPs)
             Began as a Black Draconian Transmuter on Feb 3, 2018.
             Succumbed to a scorpion's poison
             ... on level 4 of the Dungeon.
             The game lasted 00:17:33 (3964 turns).

sankara the Changer (Black Draconian Transmuter)    Turns: 3964, Time: 00:17:34

Health: 0/56       AC:  3    Str: 12    XL:     7   Next: 56%
Magic:  8/10       EV: 21    Int: 14    God:
Gold:   165        SH:  0    Dex: 18    Spells: 4/10 levels left

rFire    . . .     SeeInvis .     - Unarmed
rCold    . . .     Gourm    .   (shield currently unavailable)
rNeg     . . .     Faith    .   (armour unavailable)
rPois    x         Spirit   .   (helmet currently unavailable)
rElec    .         Reflect  .   (cloak currently unavailable)
rCorr    .         Harm     .   (gloves currently unavailable)
MR       .....                  (boots currently unavailable)
Stlth    ++........             (no amulet)
HPRegen  0.18/turn              g - +1 ring of protection (curse)
MPRegen  0.12/turn              (no ring)

@: lethally poisoned (0 -> -54), spider-form (expiring)
A: tiny, (breathe lightning), unfitting armour, AC +6
a: End Transformation


You were on level 4 of the Dungeon.
You were not hungry.
You were a venomous arachnid creature.
You visited 1 branch of the dungeon, and saw 4 of its levels.

You collected 165 gold pieces.

Inventory:

Hand Weapons
 b - a +0 hunting sling (melded)
 j - a +0 dagger
Missiles
 d - 29 stones (quivered)
 f - 3 needles of frenzy
 l - 6 poisoned needles
 p - 23 arrows
 q - 14 sling bullets
Jewellery
 g - a cursed +1 ring of protection (left front leg)
 k - an uncursed ring of ice
Scrolls
 m - a scroll of blinking {unknown}
 n - 2 scrolls of teleportation {unknown}
 o - a scroll of remove curse {unknown}
 t - a scroll of enchant weapon {unknown}
 v - a scroll of identify {unknown}
Potions
 e - a potion of invisibility {unknown}
 h - 3 potions of magic {unknown}
 i - 2 potions of degeneration {unknown}
 s - 2 potions of might {unknown}
 u - a potion of curing {unknown}
Books
 a - a book of Changes

   Spells                             Type                      Level
   a - Beastly Appendage              Transmutation                1
   b - Sticks to Snakes               Transmutation                2
   c - Spider Form                    Transmutation/Poison         3
   d - Ice Form                       Ice/Transmutation            4
   e - Blade Hands                    Transmutation                5
Comestibles
 c - 12 rations
 r - 10 chunks of flesh


   Skills:
 + Level 2.7 Fighting
 + Level 2.8 Dodging
 + Level 5.3 Unarmed Combat
 - Level 2.0 Spellcasting
 + Level 5.5 Transmutations
 - Level 3.1 Poison Magic


You had 4 spell levels left.
You knew the following spells:

 Your Spells              Type           Power        Failure   Level  Hunger
a - Beastly Appendage     Tmut           ###...       9%          1    ##.....
b - Sticks to Snakes      Tmut           ###.....     12%         2    ###....
c - Spider Form           Tmut/Pois      ##........   28%         3    ####...


Dungeon Overview and Level Annotations

Branches:
Dungeon (4/15)
 Temple: D:4-7

Altars:
Uskayaw

Annotations:
D:2 Jessica


Innate Abilities, Weirdness & Mutations

((You can breathe wild blasts of lightning.))
((Your glossy black scales are hard. (AC +6)))
You cannot fit into any form of body armour.
((You are resistant to electric shocks. (rElec)))
((You are cold-blooded and may be slowed by cold attacks.))


Message History

You hit the orc priest.
The orc priest looks as sick as possible!
The orc priest is heavily wounded.
You feel sick. The scorpion stings you!
You are more poisoned.
The scorpion poisons you!
You hit the orc priest.
The orc priest looks as sick as possible!
The orc priest is severely wounded.
You feel very sick.
The orc priest invokes the aid of Beogh against you.
Beogh smites you!
* * * LOW HITPOINT WARNING * * *
The scorpion stings you!
* * * LOW HITPOINT WARNING * * *
You are more poisoned.
The scorpion poisons you!
* * * LOW HITPOINT WARNING * * *
You feel very sick.
You die...

#.# #.# #.#
.######.##
.........#
#######..#
#..#
########..#
........s.#
#########.#
#o# #.o.s#
#.#### #


You could see a scorpion and an orc priest.

Vanquished Creatures
  An ice beast (D:2)
  A phantom (D:2)
  A big kobold (D:3)
  5 wights
  2 orc priests (D:4)
  A centaur skeleton (D:4)
  2 orc wizards (D:4)
  9 gnolls
  2 adders
  6 worms
  2 dart slugs (D:2)
  3 leopard geckos
  8 orcs
  A giant cockroach (D:1)
  9 goblins
  8 hobgoblins
  2 jackals (D:3)
  5 bats
  3 frilled lizards
  7 kobolds
  A leopard gecko skeleton (D:3)
  5 rats
84 creatures vanquished.

Notes
Turn   | Place    | Note
-------+----------+-------------------------------------------
     0 | D:1      | sankara the Draconian Transmuter began the quest for the Orb.
     0 | D:1      | Reached XP level 1. HP: 16/16 MP: 3/3
    55 | D:1      | Reached XP level 2. HP: 17/23 MP: 3/5
    59 | D:1      | Learned a level 2 spell: Sticks to Snakes
   493 | D:1      | Reached XP level 3. HP: 28/28 MP: 6/6
   501 | D:1      | Learned a level 3 spell: Spider Form
   836 | D:2      | Reached skill level 1 in Poison Magic
   902 | D:2      | Noticed an ice beast
   913 | D:2      | Killed an ice beast
   913 | D:2      | Reached XP level 4. HP: 4/35 MP: 4/7
   913 | D:2      | Reached XP level 5. HP: 5/40 MP: 4/8
  1238 | D:2      | Noticed Jessica
  1745 | D:2      | Noticed a phantom
  2067 | D:2      | Killed a phantom
  2067 | D:2      | Reached XP level 6. HP: 37/48 MP: 3/9
  2846 | D:3      | Reached skill level 5 in Transmutations
  3154 | D:3      | Reached skill level 5 in Unarmed Combat
  3154 | D:3      | Your scales start taking on a glossy black colour.
  3154 | D:3      | Reached XP level 7. HP: 39/53 MP: 7/10
  3154 | D:3      | Gained mutation: You are resistant to electric shocks. (rElec) [Black Draconian growth]
  3293 | D:3      | Noticed a dagger
  3294 | D:3      | Found a hide-covered altar of Uskayaw.
  3295 | D:3      | Noticed a dagger
  3964 | D:4      | Succumbed to a scorpion's poison

Vault maps used:
D:1:      zaba_arrival_water
D:2:      minmay_cupped, uniq_jessica
D:3:      dancing_weapons_uskayaw
D:4:      grunt_temple_overflow_cloverleaf, first_ration, uniq_natasha,
          uniq_robin

Skill      XL: |  1  2  3  4  5  6  7 |
---------------+----------------------+-----
Transmutations | 4 5 |  5.5
Poison Magic   | 2 3 |  3.1
Unarmed Combat | 4 5 |  5.3
Dodging        | 2 |  2.8
Fighting       | 2 |  2.7
Spellcasting   | |  2.0

Action                   |  1- 3 |  4- 6 |  7- 9 || total
-------------------------+-------+-------+-------++-------
Melee: Unarmed           |    67 |   150 |    42 ||   259
       Kick              |     4 |     8 |       ||    12
       Headbutt          |     4 |     2 |       ||     6
       Tailslap          |     1 |     5 |       ||     6
       Punch             |       |     1 |       ||     1
 Fire: Hunting sling     |       |    31 |    59 ||    90
Throw: Stone             |     3 |       |       ||     3
 Cast: Beastly Appendage |    13 |    11 |       ||    24
       Spider Form       |     2 |    12 |     5 ||    19
 Stab: Distracted        |       |     1 |       ||     1
       Sleeping          |       |     1 |       ||     1
  Eat: Chunk             |       |     6 |     4 ||    10
       Ration            |       |     1 |       ||     1
Armor: Skin              |    14 |    24 |     3 ||    41
Dodge: Dodged            |    39 |    95 |    48 ||   182

Table legend:
 A = Spawn XP
 B = Non-spawn XP
 C = Spawn XP percentage of total XP
 D = Spawn monster count
 E = Non-spawn monster count
 F = Spawn count percentage of total count
 G = Total turns spent on level
                    A         B        C        D         E        F      G
               +---------+---------+-------+---------+---------+-------+---------
         Total |       0 |    1124 |   0.0 |       0 |      84 |   0.0 |  3964
               +---------+---------+-------+---------+---------+-------+---------
           D:1 |       0 |      43 |   0.0 |       0 |      18 |   0.0 |   835
           D:2 |       0 |     555 |   0.0 |       0 |      36 |   0.0 |  2003
           D:3 |       0 |     312 |   0.0 |       0 |      20 |   0.0 |   907
           D:4 |       0 |     214 |   0.0 |       0 |      10 |   0.0 |   219
               +---------+---------+-------+---------+---------+-------+---------
